TOP OF THE 1ST |
Williamsport Crosscutters batting - Pitching for Hillsboro Hops : RHP Eric Teixeira
|
Pitching: RHP Eric Teixeira
|
|
Batting: RHB Gary Sampson
|
0-0: Ball 1-0: Ball 2-0: Ball 3-0: Called Strike 3-1: Reached on error, E4 (Groundball, 4S, EV 87.5 MPH)
|
Batting: SHB Marco de Leon
|
0-0: Called Strike 0-1: Swinging Strike 0-2: Ball 1-2: Strikes out swinging
|
Batting: SHB Brett St. Clair
|
0-0: Foul Ball, location: 2F 0-1: Ball 1-1: Foul Ball, location: 2F 1-2: Ball 2-2: Ball Gary Sampson is caught stealing 2nd base 2-6 3-2: Foul Ball, location: 2F 3-2: Strikes out swinging
|
Top of the 1st over - 0 runs, 0 hits, 1 error, 0 left on base; Williamsport 0 - Hillsboro 0 |
BOTTOM OF THE 1ST |
Hillsboro Hops batting - Pitching for Williamsport Crosscutters : RHP John Hughes
|
Pitching: RHP John Hughes
|
|
Batting: RHB Nelson Ozuna
|
0-0: Foul Ball, location: 2F 0-1: Ball 1-1: Foul Ball, location: 2F 1-2: Ball 2-2: Strikes out swinging
|
Batting: SHB Harrison McLaughlin
|
0-0: Ball 1-0: Foul Ball, location: 2F 1-1: Called Strike 1-2: Ground out 5-3 (Groundball, 56, EV 108.8 MPH)
|
Batting: RHB Danny Loyola
|
0-0: Called Strike 0-1: Reached on error, E6 (Groundball, 6, EV 85.6 MPH)
|
Batting: RHB Terry Jarrells
|
0-0: Ball 1-0: Ball 2-0: Ball Danny Loyola is caught stealing 2nd base 2-4
|
Bottom of the 1st over - 0 runs, 0 hits, 1 error, 0 left on base; Williamsport 0 - Hillsboro 0 |
TOP OF THE 2ND |
Williamsport Crosscutters batting - Pitching for Hillsboro Hops : RHP Eric Teixeira
|
Batting: RHB Carlos Morejon
|
0-0: Ball 1-0: Ball 2-0: DOUBLE (Line Drive, 8LXD, EV 108.8 MPH)
|
Batting: LHB Rich Kuehne
|
0-0: Swinging Strike 0-1: Swinging Strike 0-2: Foul Ball, location: 2F 0-2: Strikes out swinging
|
Batting: RHB Pablo Lopez
|
0-0: Ground out 4-3 (Groundball, 4, EV 85.6 MPH) Carlos Morejon to third
|
Batting: RHB Danny Habermehl
|
0-0: Ball 1-0: Foul Ball, location: 2F 1-1: Foul Ball, location: 2F 1-2: Ball 2-2: Foul Ball, location: 2F 2-2: Ground out 5-3 (Groundball, 5, EV 100.6 MPH)
|
Top of the 2nd over - 0 runs, 1 hit, 0 errors, 1 left on base; Williamsport 0 - Hillsboro 0 |
BOTTOM OF THE 2ND |
Hillsboro Hops batting - Pitching for Williamsport Crosscutters : RHP John Hughes
|
Batting: RHB Terry Jarrells
|
0-0: Ball 1-0: Ball 2-0: SINGLE (Line Drive, 9S, EV 92.5 MPH)
|
Batting: RHB D.J. Cooke
|
0-0: Called Strike Terry Jarrells steals 2nd base 0-1: DOUBLE (Line Drive, 7LM, EV 96.2 MPH) Terry Jarrells scores
|
Batting: RHB Gary Hills
|
0-0: Ball 1-0: Ball 2-0: Ball 3-0: Called Strike 3-1: Base on Balls
|
Batting: RHB Chris McGrath
|
0-0: Ball 1-0: Ball 2-0: Called Strike 2-1: Ball 3-1: Foul Ball, location: 2F 3-2: Strikes out swinging
|
Batting: LHB Ivan Cortez
|
0-0: Fielders Choice at 2nd, 1-6 (Groundball, 13S, EV 63.8 MPH) D.J. Cooke to third
|
Batting: RHB Joe Myers
|
0-0: Fielders Choice at 2nd, 5-4 (Groundball, 5, EV 81.2 MPH)
|
Bottom of the 2nd over - 1 run, 2 hits, 0 errors, 2 left on base; Williamsport 0 - Hillsboro 1 |
TOP OF THE 3RD |
Williamsport Crosscutters batting - Pitching for Hillsboro Hops : RHP Eric Teixeira
|
Batting: RHB Ruben Luis
|
0-0: SINGLE (Groundball, 6MD, EV 107.5 MPH)
|
Batting: SHB Miguel Sierra
|
0-0: Grounds into double play, 4-6-3 (Groundball, 4, EV 78.1 MPH)
|
Batting: RHB Gary Sampson
|
0-0: Called Strike 0-1: Called Strike 0-2: Strikes out swinging
|
Top of the 3rd over - 0 runs, 1 hit, 0 errors, 0 left on base; Williamsport 0 - Hillsboro 1 |
BOTTOM OF THE 3RD |
Hillsboro Hops batting - Pitching for Williamsport Crosscutters : RHP John Hughes
|
Batting: RHB Nelson Ozuna
|
0-0: Swinging Strike 0-1: Ball 1-1: Called Strike 1-2: Ball 2-2: Strikes out looking
|
Batting: SHB Harrison McLaughlin
|
0-0: Ball 1-0: Ball 2-0: Ball 3-0: Base on Balls
|
Batting: RHB Danny Loyola
|
0-0: Called Strike 0-1: Fly out, F7 (Flyball, 7, EV 89.4 MPH)
|
Batting: RHB Terry Jarrells
|
0-0: Ground out 4-3 (Groundball, 4, EV 80.6 MPH)
|
Bottom of the 3rd over - 0 runs, 0 hits, 0 errors, 1 left on base; Williamsport 0 - Hillsboro 1 |
TOP OF THE 4TH |
Williamsport Crosscutters batting - Pitching for Hillsboro Hops : RHP Eric Teixeira
|
Batting: SHB Marco de Leon
|
0-0: Foul Ball, location: 2F 0-1: Ball 1-1: Foul Ball, location: 2F 1-2: Foul Ball, location: 2F 1-2: Ball 2-2: Foul Ball, location: 2F 2-2: Ball 3-2: Reached on error, E4 (Groundball, 4D, EV 107.5 MPH)
|
Batting: SHB Brett St. Clair
|
0-0: Ball 1-0: Called Strike 1-1: Foul Ball, location: 2F 1-2: Ball 2-2: Ball 3-2: Foul Ball, location: 2F 3-2: Base on Balls Marco de Leon to second
|
Batting: RHB Carlos Morejon
|
0-0: Hit by Pitch Marco de Leon to third Brett St. Clair to second
|
Batting: LHB Rich Kuehne
|
0-0: Called Strike 0-1: Ball 1-1: Foul Ball, location: 2F 1-2: Strikes out swinging
|
Batting: RHB Pablo Lopez
|
0-0: Swinging Strike 0-1: Ball 1-1: Called Strike 1-2: Foul Ball, location: 2F 1-2: Strikes out swinging
|
Batting: RHB Danny Habermehl
|
0-0: Ball 1-0: Ball 2-0: Called Strike 2-1: Ball 3-1: Swinging Strike 3-2: Strikes out swinging
|
Top of the 4th over - 0 runs, 0 hits, 1 error, 3 left on base; Williamsport 0 - Hillsboro 1 |
BOTTOM OF THE 4TH |
Hillsboro Hops batting - Pitching for Williamsport Crosscutters : RHP John Hughes
|
Batting: RHB D.J. Cooke
|
0-0: Ball 1-0: Ball 2-0: Foul Ball, location: 2F 2-1: Ball 3-1: Base on Balls
|
Batting: RHB Gary Hills
|
0-0: Ball 1-0: Called Strike D.J. Cooke steals 2nd, throwing error, E2 D.J. Cooke to third 1-1: Fly out, F4 (Popup, 4, EV 41.9 MPH)
|
Batting: RHB Chris McGrath
|
0-0: Ball 1-0: Fly out, F4 (Popup, 4MD, EV 70.6 MPH)
|
Batting: LHB Ivan Cortez
|
0-0: Ball 1-0: Ball 2-0: Ball 3-0: Called Strike 3-1: Base on Balls
|
Batting: RHB Joe Myers
|
0-0: Called Strike 0-1: DOUBLE (Line Drive, 78M, EV 94.4 MPH) D.J. Cooke scores Ivan Cortez to third Runner from 3rd tries for Home, throw by CF and OUT! 8-6-2
|
Bottom of the 4th over - 1 run, 1 hit, 1 error, 1 left on base; Williamsport 0 - Hillsboro 2 |
TOP OF THE 5TH |
Williamsport Crosscutters batting - Pitching for Hillsboro Hops : RHP Eric Teixeira
|
Batting: RHB Ruben Luis
|
0-0: Swinging Strike 0-1: Foul Ball, location: 2F 0-2: Ball 1-2: Ball 2-2: Ball 3-2: Base on Balls
|
Batting: SHB Miguel Sierra
|
0-0: Foul Ball, location: 2F 0-1: Ball 1-1: TRIPLE (Flyball, 78XD, EV 96.9 MPH) Ruben Luis scores
|
Batting: RHB Gary Sampson
|
0-0: Called Strike 0-1: Called Strike 0-2: Ball 1-2: Ball 2-2: Ball 3-2: Base on Balls
|
Batting: SHB Marco de Leon
|
0-0: Called Strike Gary Sampson steals 2nd base (no throw) 0-1: Foul Ball, location: 2F 0-2: Strikes out swinging
|
Batting: SHB Brett St. Clair
|
0-0: Called Strike 0-1: Ball 1-1: Swinging Strike 1-2: Ground out 6-3 (Groundball, 6, EV 76.9 MPH)
|
Batting: RHB Carlos Morejon
|
0-0: Ball 1-0: Called Strike 1-1: Called Strike 1-2: Strikes out swinging
|
Top of the 5th over - 1 run, 1 hit, 0 errors, 2 left on base; Williamsport 1 - Hillsboro 2 |
BOTTOM OF THE 5TH |
Hillsboro Hops batting - Pitching for Williamsport Crosscutters : RHP John Hughes
|
Batting: RHB Nelson Ozuna
|
0-0: Ball 1-0: Ball 2-0: Called Strike 2-1: Foul Ball, location: 2F 2-2: Ball 3-2: Base on Balls
|
Batting: SHB Harrison McLaughlin
|
0-0: Called Strike Nelson Ozuna is caught stealing 2nd base 2-6 0-1: Ball 1-1: Ball 2-1: SINGLE (Groundball, 4D, EV 95.0 MPH)
|
Batting: RHB Danny Loyola
|
0-0: Ball 1-0: Called Strike 1-1: Ball 2-1: DOUBLE (Flyball, 89D, EV 101.9 MPH) Harrison McLaughlin to third
|
Batting: RHB Terry Jarrells
|
0-0: Ball 1-0: Ball Wild Pitch! Harrison McLaughlin scores Danny Loyola to third 2-0: Called Strike 2-1: Ground out 4-3 (Groundball, 34, EV 81.2 MPH) Danny Loyola scores
|
Batting: RHB D.J. Cooke
|
0-0: Ball 1-0: Ground out U3 (Groundball, 34S, EV 63.8 MPH)
|
Bottom of the 5th over - 2 runs, 2 hits, 0 errors, 0 left on base; Williamsport 1 - Hillsboro 4 |
TOP OF THE 6TH |
Williamsport Crosscutters batting - Pitching for Hillsboro Hops : RHP Eric Teixeira
|
Pitching: RHP Ted Splawn
|
|
Batting: LHB Rich Kuehne
|
0-0: Ball 1-0: Foul Ball, location: 2F 1-1: Fly out, F9 (Flyball, 9, EV 71.9 MPH)
|
Batting: RHB Pablo Lopez
|
0-0: Called Strike 0-1: Called Strike 0-2: Strikes out looking
|
Batting: RHB Danny Habermehl
|
0-0: Called Strike 0-1: Swinging Strike 0-2: Strikes out swinging
|
Top of the 6th over - 0 runs, 0 hits, 0 errors, 0 left on base; Williamsport 1 - Hillsboro 4 |
BOTTOM OF THE 6TH |
Hillsboro Hops batting - Pitching for Williamsport Crosscutters : RHP John Hughes
|
Pitching: RHP Ron Knowles
|
|
Batting: RHB Gary Hills
|
0-0: Swinging Strike 0-1: Called Strike 0-2: Ball 1-2: SINGLE (Groundball, 34S, EV 88.8 MPH) (infield hit)
|
Batting: RHB Chris McGrath
|
0-0: Ball 1-0: Called Strike 1-1: Swinging Strike 1-2: Strikes out swinging
|
Batting: LHB Ivan Cortez
|
0-0: Ball 1-0: Ball 2-0: Called Strike 2-1: Grounds into double play, 4-6-3 (Groundball, 4, EV 79.4 MPH)
|
Bottom of the 6th over - 0 runs, 1 hit, 0 errors, 0 left on base; Williamsport 1 - Hillsboro 4 |
TOP OF THE 7TH |
Williamsport Crosscutters batting - Pitching for Hillsboro Hops : RHP Ted Splawn
|
Batting: RHB Ruben Luis
|
0-0: Ball 1-0: Foul Ball, location: 2F 1-1: Ball 2-1: SINGLE (Groundball, 56D, EV 103.1 MPH)
|
Batting: SHB Miguel Sierra
|
0-0: Grounds into double play, 4-6-3 (Groundball, 4, EV 83.8 MPH)
|
Batting: RHB Gary Sampson
|
0-0: Ball 1-0: Ball 2-0: Called Strike 2-1: Ground out 6-3 (Groundball, 6, EV 104.4 MPH)
|
Top of the 7th over - 0 runs, 1 hit, 0 errors, 0 left on base; Williamsport 1 - Hillsboro 4 |
BOTTOM OF THE 7TH |
Hillsboro Hops batting - Pitching for Williamsport Crosscutters : RHP Ron Knowles
|
Batting: RHB Joe Myers
|
0-0: Ground out 6-3 (Groundball, 56, EV 104.4 MPH)
|
Batting: RHB Nelson Ozuna
|
0-0: Called Strike 0-1: Ball 1-1: Swinging Strike 1-2: Ball 2-2: Foul Ball, location: 2F 2-2: Strikes out swinging
|
Batting: SHB Harrison McLaughlin
|
0-0: Ball 1-0: Ball 2-0: Ball 3-0: Called Strike 3-1: Foul Ball, location: 2F 3-2: Strikes out swinging
|
Bottom of the 7th over - 0 runs, 0 hits, 0 errors, 0 left on base; Williamsport 1 - Hillsboro 4 |
TOP OF THE 8TH |
Williamsport Crosscutters batting - Pitching for Hillsboro Hops : RHP Ted Splawn
|
Batting: SHB Marco de Leon
|
0-0: Called Strike 0-1: Ball 1-1: Ball 2-1: Ball 3-1: Foul Ball, location: 2F 3-2: Strikes out looking
|
Batting: SHB Brett St. Clair
|
0-0: Ball 1-0: Foul Ball, location: 2F 1-1: Ball 2-1: Ball 3-1: Base on Balls
|
Pitching: LHP Tristan Morrow
|
|
Batting: RHB Carlos Morejon
|
0-0: Ball 1-0: Grounds into double play, 4-6-3 (Groundball, 4, EV 92.5 MPH)
|
Top of the 8th over - 0 runs, 0 hits, 0 errors, 0 left on base; Williamsport 1 - Hillsboro 4 |
BOTTOM OF THE 8TH |
Hillsboro Hops batting - Pitching for Williamsport Crosscutters : RHP Ron Knowles
|
Batting: RHB Danny Loyola
|
0-0: Ball 1-0: Foul Ball, location: 2F 1-1: Ball 2-1: Foul Ball, location: 2F 2-2: Strikes out swinging
|
Batting: RHB Terry Jarrells
|
0-0: Fly out, F9 (Flyball, 9D, EV 85.6 MPH)
|
Batting: RHB D.J. Cooke
|
0-0: Ball 1-0: Ball 2-0: Fly out, F8 (Flyball, 78M, EV 83.1 MPH)
|
Bottom of the 8th over - 0 runs, 0 hits, 0 errors, 0 left on base; Williamsport 1 - Hillsboro 4 |
TOP OF THE 9TH |
Williamsport Crosscutters batting - Pitching for Hillsboro Hops : LHP Tristan Morrow
|
Pitching: RHP John Meyer
|
|
Batting: LHB Rich Kuehne
|
0-0: Ball 1-0: Foul Ball, location: 2F 1-1: Ball 2-1: Ball 3-1: Foul Ball, location: 2F 3-2: TRIPLE (Groundball, 3L, EV 101.2 MPH)
|
Batting: RHB Pablo Lopez
|
0-0: Ball 1-0: Called Strike 1-1: Called Strike 1-2: Ball 2-2: Ground out 5-3 (Groundball, 5, EV 88.1 MPH)
|
Batting: RHB Danny Habermehl
|
0-0: Called Strike 0-1: Foul Ball, location: 2F 0-2: Ball 1-2: Strikes out swinging
|
Batting: RHB Ruben Luis
|
0-0: Called Strike 0-1: Foul Ball, location: 2F 0-2: Ball 1-2: Ball 2-2: Ball 3-2: Base on Balls
|
Pitching: RHP Jaylen Hatten
|
|
Batting: SHB Miguel Sierra
|
0-0: Ball 1-0: Swinging Strike 1-1: Fly out, F8 (Flyball, 8LD, EV 78.8 MPH)
|
Top of the 9th over - 0 runs, 1 hit, 0 errors, 2 left on base; Williamsport 1 - Hillsboro 4 |
|